 Dungeon Crawl Stone Soup version 0.32-a0-696-g5fa0bccb63 (webtiles) character file.

Game seed: 5744131174731435207

14597 hunmd the Warrior (level 12, -3/109 HPs)
             Began as a Coglin Berserker on Mar 13, 2024.
             Was a High Priest of Trog.
             Killed from afar by a frost giant (53 damage)
             ... with a bolt of cold
             ... in an ice cave.
             The game lasted 00:27:24 (11624 turns).

hunmd the Warrior (Coglin Berserker)               Turns: 11624, Time: 00:27:24

Health: -3/109     AC: 10    Str: 19    XL:     12   Next: 18%
Magic:  12/12      EV: 13    Int:  7    God:    Trog [*****.]
Gold:   875        SH:  0    Dex: 17    Spells: 11/11 levels left

rFire   . . .        l - +6 falchion (spect) {Ning}
rCold   . . .        R - +1 demon blade (freeze) {Jacinta}
rNeg    . . .        n - +3 leather armour {rPois}
rPois   +            (no helmet)
rElec   .            w - +0 cloak
rCorr   .            h - +0 pair of gloves
SInv    .            S - +0 pair of boots
Will    .....        (amulet unavailable)
Stlth   ++           (ring unavailable)
HPRegen 0.38/turn    (ring unavailable)
MPRegen 0.13/turn    (no gizmo)

%: no passive effects
@: revving
A: off-hand wielding, slow wielding, warmup strikes, no jewellery
a: Invent Gizmo, Renounce Religion, Berserk, Trog's Hand, Brothers in Arms


You were in an ice cave.
You worshipped Trog.
Trog was extremely pleased with you.
You visited 1 branch of the dungeon, and saw 11 of its levels.
You also visited: Sewer, Ossuary and Ice Cave.

You collected 875 gold pieces.

Inventory:

Hand Weapons
 l - a +6 spectral falchion (weapon) {Ning}
 y - a +2 spear of distortion
 R - a +1 demon blade of freezing (offhand) {Jacinta}
Missiles
 t - 6 silver javelins (quivered)
 F - 2 javelins
Armour
 b - a +0 animal skin
 f - a +0 leather armour
 h - a +0 pair of gloves (worn)
 n - a +3 leather armour of poison resistance (worn)
 q - a +0 scale mail
 w - a +0 cloak (worn)
 P - the +0 ice dragon scales of the Lair of Beasts {Rampage rF- rC++}
   (You found it in an ice cave)

   rF-:       It makes you vulnerable to fire.
   rC++:      It greatly protects you from cold.
   Rampage:   It bestows one free step when moving towards enemies.
 S - a +0 pair of boots (worn)
 T - a +1 tower shield of cold resistance
Wands
 g - a wand of paralysis (2)
 M - a wand of roots (11)
 O - a wand of flame (34)
Scrolls
 a - 3 scrolls of teleportation
 c - a scroll of enchant weapon {unknown}
 d - 3 scrolls of immolation {unknown}
 m - a scroll of enchant armour {unknown}
 o - a scroll of noise {unknown}
 s - 3 scrolls of fog {unknown}
 u - 3 scrolls of fear
 v - a scroll of revelation
 G - a scroll of silence {unknown}
 H - 2 scrolls of brand weapon
 I - 4 scrolls of vulnerability {unknown}
 K - 5 scrolls of identify
 L - 3 scrolls of amnesia {unknown}
 N - a scroll of poison {unknown}
 Q - 3 scrolls of blinking {unknown}
Potions
 e - 2 potions of heal wounds
 i - 8 potions of curing
 j - 2 potions of brilliance
 k - 4 potions of might
 p - a potion of lignification
 r - 2 potions of magic {unknown}
 x - 2 potions of invisibility {unknown}
 z - a potion of ambrosia {unknown}
 A - 4 potions of mutation
 B - 4 potions of haste
 C - 3 potions of resistance
 D - 4 potions of cancellation
 E - a potion of enlightenment
 J - 3 potions of attraction {unknown}


   Skills:
 - Level 15.0 Fighting
 - Level 5.2(7.2) Short Blades
 * Level 8.3(9.1) Long Blades
 - Level 1.4 Maces & Flails
 - Level 0.1 Ranged Weapons
 - Level 5.1 Armour
 - Level 5.1 Dodging
 - Level 1.2 Stealth
 - Level 0.1 Evocations
 - Level 0.1 Shapeshifting


You had 11 spell levels left.
You didn't know any spells.
Your spell library was empty.

Dungeon Overview and Level Annotations

Branches:
Dungeon (11/15)            Temple (0/1) D:5            Lair (0/5) D:11
  Sewer (visited)         Ossuary (visited)           IceCv (1/1)
    Orc: D:9-12

Altars:
Ashenzari
Dithmenos
Gozag
Makhleb
Vehumet

Shops:
D:5 =!   D:8 *

Annotations:
IceCv exclusion: ice statue


Innate Abilities, Weirdness & Mutations

You can wield a second weapon in your off-hand.
It takes a long time for you to wield or remove held weapons.
Your first few attacks do less damage.
You cannot equip rings or amulets.


Message History

You slash the yak with your +1 demon blade of freezing!
You freeze the yak.
Your +6 spectral falchion {Ning} hits the yak!
You hit the yak with your +6 spectral falchion.
The yak is severely wounded.
You slash the yak with your +1 demon blade of freezing!
You freeze the yak.
You kill the yak!
Trog accepts your kill.
Your Fighting skill increases to level 15!
Your +6 spectral falchion {Ning} disappears.
You see here a death yak corpse.
The polar bear growls angrily.
You are too injured to fight recklessly!
You hit the polar bear with your +6 spectral falchion.
The polar bear is lightly wounded.
You hit the polar bear with your +1 demon blade of freezing.
Your +6 spectral falchion {Ning} hits the polar bear.
The polar bear bites you. The polar bear closely misses you.
The polar bear claws you but does no damage.
You slash the polar bear with your +1 demon blade of freezing!
You freeze the polar bear.
The polar bear is heavily wounded.
You slash the polar bear with your +6 spectral falchion!
Your +6 spectral falchion {Ning} hits the polar bear.
The polar bear bites you but does no damage.
The polar bear claws you but does no damage.
The polar bear completely misses you.
You slash the polar bear with your +1 demon blade of freezing!
You freeze the polar bear.
You kill the polar bear!
Trog accepts your kill.
Your +6 spectral falchion {Ning} disappears.
A frost giant comes into view.
It is wielding a +1 battleaxe of freezing.
A frost giant is nearby!
Your two-headed ogre goes berserk!
The frost giant shouts!
The frost giant gestures at you while chanting.
The bolt of cold hits you!!!
You die...

#..#.).##..# ##
#.k#.†..#..# .##
#.......#.. #.#
#..Y..)##.# ..#
#......#..# #.##
#.....##††# #..##
#####.C###..##
##..##
##≈≈##...†..##
#.#.###≈≈≈≈.#..@O.#
##...#≈≈≈≈≈###...##
###..≈≈≈#≈# #####
##.###### ###


You could see a frost giant (ally target) and a friendly two-headed ogre
(summoned, berserk).

Vanquished Creatures
  5 death yaks (IceCv)
  A boulder beetle (D:7)
  Maurice (D:7)
  4 rime drakes (IceCv)
  Jeremiah (D:8)
  Psyche (D:8)
  2 trolls
  5 polar bears (IceCv)
  Prince Ribbit (D:7)
  6 yaks (IceCv)
  4 vampire mosquitoes
  Edmund (D:6)
  An acid dragon (D:10)
  A water moccasin (D:5)
  2 orc warriors
  An ice beast (D:6)
  A black bear (D:4)
  2 sky beasts
  3 ogres
  4 wolves (IceCv)
  4 centaurs
  2 kobold brigands
  4 phantoms
  Blork the orc (D:6)
  5 bullfrogs
  A gnoll sergeant (D:6)
  9 scorpions
  18 wights
  5 killer bees (D:9)
  8 howler monkeys
  3 centaur zombies (Ossuary)
  2 bombardier beetles
  A gnoll bouda (D:5)
  2 hounds (D:5)
  3 jellies
  5 orc priests
  2 human zombies (Ossuary)
  Terence (D:3)
  2 iguanas (D:6)
  3 scorpion zombies (Ossuary)
  14 orc wizards
  3 mummies (Ossuary)
  16 adders
  2 river rats (Sewer)
  11 gnolls
  A shadow imp (D:7)
  2 white imps
  2 ufetubi (D:5)
  4 adder zombies (Ossuary)
  A ribbon worm (D:5)
  2 dart slugs
  43 orcs
  26 ball pythons
  8 endoplasms
  6 giant cockroaches
  5 goblins
  5 hobgoblins
  A jackal (D:1)
  4 ball python zombies (Ossuary)
  2 bats (D:1)
  4 frilled lizards
  2 jackal zombies (Ossuary)
  15 kobolds
  An orc zombie (Ossuary)
  22 rats
330 creatures vanquished.

Vanquished Creatures (others)
  A spectral weapon (IceCv)
1 creature vanquished.

Grand Total: 331 creatures vanquished

Notes
Turn   | Place    | Note
-------+----------+-------------------------------------------
     0 | D:1      | hunmd the Coglin Berserker began the quest for the Orb.
     0 | D:1      | Reached XP level 1. HP: 18/18 MP: 1/1
   225 | D:1      | Reached XP level 2. HP: 24/24 MP: 2/2
   781 | D:1      | Reached skill level 4 in Fighting
   781 | D:1      | Reached XP level 3. HP: 12/30 MP: 3/3
   915 | D:2      | Reached XP level 4. HP: 37/38 MP: 4/4
  1355 | D:2      | Reached skill level 5 in Fighting
  1665 | D:3      | Reached XP level 5. HP: 41/44 MP: 5/5
  2171 | D:3      | Reached ** piety under Trog
  2174 | D:3      | Noticed Terence
  2188 | D:3      | Killed Terence
  2189 | D:3      | Reached skill level 1 in Stealth
  2596 | D:4      | Reached skill level 6 in Fighting
  2610 | D:4      | Reached XP level 6. HP: 19/50 MP: 6/6
  2731 | D:4      | Found a broken altar of Ashenzari.
  2740 | D:4      | Noticed a black bear
  2755 | D:4      | Killed a black bear
  3081 | D:4      | Reached skill level 7 in Fighting
  3198 | D:4      | Found a radiant altar of Vehumet.
  3235 | D:5      | Entered Level 5 of the Dungeon
  3247 | D:5      | Reached XP level 7. HP: 53/60 MP: 7/7
  3250 | D:5      | Found Rushir's Jewellery Shop.
  3351 | D:5      | Reached skill level 8 in Fighting
  3456 | D:5      | Found a glowing drain.
  3460 | Sewer    | Entered a sewer
  3573 | Sewer    | Reached *** piety under Trog
  3917 | Sewer    | Reached skill level 1 in Short Blades
  3930 | Sewer    | HP: 3/63 [poisoned by an adder]
  4134 | D:5      | Reached XP level 8. HP: 66/69 MP: 8/8
  4313 | D:5      | Found a staircase to the Ecumenical Temple.
  4392 | D:5      | Found Turr's Distillery.
  5074 | D:6      | Reached skill level 5 in Short Blades
  5305 | D:6      | Noticed Edmund
  5323 | D:6      | Killed Edmund
  5331 | D:6      | HP: 5/103 [poisoned by Edmund]
  5582 | D:6      | Noticed Blork the orc
  5596 | D:6      | Killed Blork the orc
  5681 | D:6      | Reached XP level 9. HP: 67/75 MP: 9/9
  5717 | D:6      | Found a burning altar of Makhleb.
  5853 | D:6      | Reached **** piety under Trog
  6018 | D:6      | Found the ring of the Mage {Wiz Archmagi}
  6252 | D:6      | Reached skill level 5 in Armour
  6252 | D:6      | Reached skill level 5 in Dodging
  6400 | D:6      | Reached skill level 1 in Maces & Flails
  6915 | D:7      | Noticed Maurice
  6925 | D:7      | Something stole a +2 spear of distortion
  6926 | D:7      | Something stole 6 silver javelins
  6933 | D:7      | Something stole 431 gold
  6934 | D:7      | Killed Maurice
  6935 | D:7      | Reached XP level 10. HP: 63/81 MP: 7/10
  6996 | D:7      | Noticed a boulder beetle
  7024 | D:7      | Killed a boulder beetle
  7051 | D:7      | Found a sand-covered staircase.
  7061 | Ossuary  | Entered an ossuary
  7104 | Ossuary  | Reached ***** piety under Trog
  7355 | Ossuary  | Reached skill level 9 in Fighting
  7736 | D:7      | Noticed Prince Ribbit
  7742 | D:7      | Killed Prince Ribbit
  8090 | D:8      | Noticed Psyche
  8096 | D:8      | Killed Psyche
  8097 | D:8      | Reached skill level 10 in Fighting
  8130 | D:8      | Received a gift from Trog
  8457 | D:8      | Noticed Jeremiah
  8519 | D:8      | Killed Jeremiah
  8575 | D:8      | Found an opulent altar of Gozag.
  8631 | D:8      | Found a shadowy altar of Dithmenos.
  8682 | D:8      | Found Meatap's General Store.
  8862 | D:9      | Reached skill level 11 in Fighting
  8862 | D:9      | Reached XP level 11. HP: 66/92 MP: 11/11
  9795 | D:10     | Entered Level 10 of the Dungeon
  9830 | D:10     | Noticed a seven-headed hydra
 10094 | D:10     | Reached skill level 12 in Fighting
 10416 | D:11     | Found a frozen archway.
 10425 | IceCv    | Entered an ice cave
 10767 | IceCv    | Received a gift from Trog
 10826 | IceCv    | Noticed a death yak
 10840 | IceCv    | Killed a death yak
 10841 | IceCv    | Reached skill level 13 in Fighting
 10945 | IceCv    | Noticed a death yak
 10978 | IceCv    | Noticed a death yak
 10991 | IceCv    | Noticed a death yak
 10992 | IceCv    | Killed a death yak
 11009 | IceCv    | HP: 2/99 [death yak (11)]
 11021 | IceCv    | Killed a death yak
 11022 | IceCv    | Reached skill level 14 in Fighting
 11024 | IceCv    | Killed a death yak
 11497 | IceCv    | Reached XP level 12. HP: 108/108 MP: 12/12
 11526 | IceCv    | Identified the +0 ice dragon scales of the Lair of Beasts
                  | {Rampage rF- rC++}
 11564 | IceCv    | Noticed a death yak
 11610 | IceCv    | Killed a death yak
 11614 | IceCv    | Reached skill level 15 in Fighting
 11623 | IceCv    | Noticed a frost giant
 11624 | IceCv    | Killed from afar by a frost giant

Illustrated notes

Levels and vault maps discovered:
D:1:      elethiomel_arrival_quiet, layout_basic, minmay_pentomino_t4
D:2:      layout_loops_cross
D:3:      layout_basic, uniq_terence
D:4:      layout_cave_pools, mainiacjoe_overflow_paths,
          nicolae_ashenzari_panopticon
D:5:      layout_cave_pods, minmay_temple_entry_junction,
          mainiacjoe_sewer_entry_somewhere_in_here_2, nicolae_stop_n_shop_1,
          kennysheep_small_circle
D:6:      layout_gridville, mainiacjoe_overflow_alcove_2, uniq_blork_the_orc,
          uniq_edmund
D:7:      layout_gridville, enter_ossuary_1, serial_glass, glass_columns_a,
          glass_columns_a, supply_closet_lemuel, serial_library_hellmonk_room_b,
          minmay_misc_feat_room, uniq_prince_ribbit1, uniq_maurice
D:8:      layout_basic, overflow_temple_1_default, mainiacjoe_overflow_chevrons,
          serial_shops, kennysheep_little_box, minmay_misc_feat_diagonals,
          nicolae_wwwww, uniq_psyche, uniq_jeremiah
D:9:      layout_rooms
D:10:     layout_roguey
D:11:     layout_cave_pods, dpeg_oklobed_lair, portal_ice_cave_entry_pillars_1,
          minmay_misc_feat_x
IceCv:    ice_cave_small_giant

Skill      XL: |  1  2  3  4  5  6  7  8  9 10 11 12 |
---------------+-------------------------------------+-----
Fighting       | 4 5 6 7 8 11 14 15 | 15.0
Stealth        | 1 |  1.2
Short Blades   | 3 5 |  5.2
Armour         | 3 5 |  5.1
Dodging        | 3 5 |  5.1
Maces & Flails | 1 |  1.4
Long Blades    | 6 8 |  8.3
Ranged Weapons | |  0.1
Evocations     | |  0.1
Shapeshifting  | |  0.1

Action                     |  1- 3 |  4- 6 |  7- 9 | 10-12 || total
---------------------------+-------+-------+-------+-------++-------
  Melee: Falchion          |    46 |    60 |    40 |   361 ||   507
         Dagger            |    39 |   101 |   354 |       ||   494
         Short sword       |       |    49 |   393 |   205 ||   647
         Flail             |       |       |     5 |       ||     5
         Mace              |       |       |     4 |       ||     4
         Long sword        |       |       |       |   124 ||   124
         Demon blade       |       |       |       |    19 ||    19
 Invoke: Berserk           |     1 |     1 |     6 |     3 ||    11
         Trog's Hand       |       |       |     1 |       ||     1
         Brothers in Arms  |       |       |       |     1 ||     1
    Use: Scroll            |       |       |    12 |     3 ||    15
         Potion            |       |       |     1 |     6 ||     7
   Stab: Sleeping          |       |     1 |     2 |       ||     3
         Distracted        |       |       |     2 |     5 ||     7
 Armour: Animal skin       |     3 |       |       |       ||     3
         Leather armour    |    27 |    52 |   294 |   238 ||   611
         Skin              |       |       |     2 |       ||     2
  Dodge: Dodged            |    39 |    57 |   154 |   224 ||   474

Table legend: (Time is in decaauts)
 A = Elapsed time spent in this place.
 B = Non-inter-level travel time spent in this place.
 C = Inter-level travel time spent in this place.
 D = Time resting spent in this place.
 E = Time spent auto-exploring this place.
 F = Levels seen in this place.
 G = Mean time per level.
                   A        B        C        D        E       F      G
               +--------+--------+--------+--------+--------+-----+--------+
         Total |  11570 |  10521 |   1049 |   1702 |   6438 |  14 |  826.4 |
       Dungeon |   9348 |   8299 |   1049 |    955 |   5708 |  11 |  849.8 |
         Sewer |    670 |    670 |      0 |    201 |    256 |   1 |  670.0 |
       Ossuary |    343 |    343 |      0 |      0 |    184 |   1 |  343.0 |
      Ice Cave |   1208 |   1208 |      0 |    546 |    290 |   1 | 1208.0 |
               +--------+--------+--------+--------+--------+-----+--------+

Top non-repeatable levels by time:
     D:6: 1707 daAuts
   IceCv: 1208 daAuts
     D:8: 1200 daAuts
     D:5: 1196 daAuts
     D:3: 1010 daAuts
     D:1: 852 daAuts
     D:7: 770 daAuts
     D:2: 755 daAuts
   Sewer: 670 daAuts
     D:9: 631 daAuts
     D:4: 619 daAuts
    D:10: 584 daAuts
 Ossuary: 343 daAuts
    D:11: 19 daAuts
